 Dungeon Crawl Stone Soup version 0.30-a0-702-gdf48620a09 (webtiles) character file.

Game seed: 1355959501540177451

1411 xSliceyx the Thaumaturge (level 9, 57/61 HPs)
             Began as a Djinni Ice Elementalist on Jan 21, 2023.
             Quit the game on level 5 of the Dungeon.
             The game lasted 00:21:43 (5034 turns).

xSliceyx the Thaumaturge (Djinni Ice Elementalist)  Turns: 5034, Time: 00:21:44

Health: 57/61      AC:  8    Str:  7    XL:     9   Next: 1%
Gold:   224        EV: 12    Int: 22    God:
                   SH:  5    Dex: 13

rFire   + + .      SeeInvis .    B - +1 spear (freeze)
rCold   x . .      Faith    .    (no shield)
rNeg    . . .      Spirit   .    y - +0 robe {Will+}
rPois   ∞          Reflect  +    a - +0 helmet
rElec   .          Harm     .    c - +0 cloak
rCorr   .          Rampage  .    (no gloves)
Will    +....                    (boots unavailable)
Stlth   ++                       h - amulet of reflection
HPRegen 0.30/turn                e - ring of wizardry
MPRegen 0.00/turn                o - +4 ring of protection

@: flying
A: sickness immunity, fire resistance 2, cold vulnerability 1, float, innate
caster, HP casting, extra vitality 1
a: no special abilities


You were on level 5 of the Dungeon.
You visited 1 branch of the dungeon, and saw 5 of its levels.

You collected 224 gold pieces.

Inventory:

Hand Weapons
 v - a +1 dagger of pain
 x - a +2 dagger of electrocution
 B - a +1 spear of freezing (weapon)
Missiles
 k - 3 javelins
Armour
 a - a +0 helmet (worn)
 c - a +0 cloak (worn)
 y - a +0 robe of willpower (worn)
Jewellery
 e - a ring of wizardry (left hand)
 h - an amulet of reflection (around neck)
 l - a ring of fire
 n - a ring of resist corrosion
 o - a +4 ring of protection (right hand)
 r - a ring of protection from cold
 E - a +4 ring of slaying
Wands
 C - a wand of charming (8)
Scrolls
 d - a scroll of magic mapping {unknown}
 g - a scroll of enchant armour {unknown}
 i - 3 scrolls of teleportation
 j - 2 scrolls of enchant weapon
 p - 2 scrolls of amnesia
 s - 2 scrolls of fog
 t - a scroll of summoning
 u - a scroll of blinking
 D - a scroll of identify
Potions
 b - 3 potions of magic
 f - 4 potions of heal wounds
 m - 3 potions of curing
 q - 2 potions of resistance {unknown}
 w - 3 potions of mutation
 z - a potion of invisibility {unknown}
 A - a potion of brilliance {unknown}


   Skills:
 + Level 3.2 Fighting
 - Level 2.2 Dodging
 - Level 1.6 Stealth
 - Level 8.2 Spellcasting


You had 4 spell levels left.
You knew the following spells:

 Your Spells              Type           Power      Damage    Failure   Level
a - Freeze                Ice            100%       1d10      1%          1
b - Frozen Ramparts       Ice            90%        1d14      1%          3
c - Ozocubu's Armour      Ice            45%        N/A       1%          3
d - Summon Ice Beast      Ice/Summ       45%        N/A       1%          4
e - Apportation           Tloc           90%        N/A       1%          1
f - Lesser Beckoning      Tloc           90%        N/A       1%          2
g - Call Canine Familiar  Summ           45%        N/A       1%          3
h - Spider Form           Tmut/Pois      45%        N/A       1%          3
Your spell library was empty.

Dungeon Overview and Level Annotations

Branches:
Dungeon (5/15)
 Temple: D:4-7

Altars:
Qazlal

Annotations:
D:3 2 transporters, 1 runed translucent door, Crazy Yiuf; sirJeffrey23's ghost, amateur BaGl
D:5 1 runed translucent door


Innate Abilities, Weirdness & Mutations

You are immune to sickness and miasma.
You are immune to poison.
Your flesh is very heat resistant. (rF++)
You are vulnerable to cold. (rC-)
You float through the air rather than walking.
You learn spells naturally, not from books.
Your magical power is your life essence.
You have superior vitality. (+4 MHP)


Message History

The walls around you are covered in ice.
The iguana bites your ice beast.
Your ice beast closely misses the iguana.
The iguana bites your ice beast but does no damage.
Your ice beast hits the iguana but does no damage.
The iguana bites your ice beast!
Your ice beast hits the iguana.
Your ice beast freezes the iguana!
The iguana dies!
Your ice beast hits the ogre.
Your ice beast freezes the ogre!
The ogre hits your ice beast with a +0 giant club!!
Your ice beast dies!
Your ice beast disappears in a puff of smoke!
Casting: Frozen Ramparts (safe; 1% risk of failure)
Confirm with . or Enter, or press ? or * to list all spells.
A chill wind blows around you.
The ogre shouts!
A scorpion comes into view.
Your ice beast hits the ogre.
Your ice beast freezes the ogre!
The ogre dies!
Your Fighting skill increases to level 2!
The scorpion misses your ice beast. The scorpion stings your ice beast.
Your ice beast hits the scorpion.
Your ice beast freezes the scorpion!
The scorpion barely misses your ice beast.
Your ice beast hits the scorpion.
The scorpion dies!
Your Fighting skill increases to level 3!
You have reached level 9!
Your experience leads to an increase in your attributes!
Increase (S)trength, (I)ntelligence, or (D)exterity?
You feel clever. x2
The power to cast Spider Form wells up from within.
Spell assigned to 'h'.
The frozen ramparts melt away as you move.
You swap places.
You see here a +0 giant club.
Things that are here:
a scorpion corpse; an iguana corpse You see here an amulet of magic regeneration.
Are you sure you want to abandon this character and quit the game? (Confirm with "yes".)

...##########.#
...........)†.#
.############.##
## ###..####
##### #.....$.#
≈≈≈≈#
###......[#
≈≈≈##
#.........# ####
###....Y..# ..#
#.....@.#
..#####
#.......#
......###
#########
#####...#
........#
####....# .#
##...# .# #...#
.# #...#


You could see a friendly ice beast (summoned).

Vanquished Creatures
  Pikel (D:5)
  A gnoll sergeant (D:4)
  A scorpion (D:5)
  A hound (D:5)
  2 jellies (D:2)
  An orc priest (D:3)
  2 iguanas (D:4)
  An orc wizard (D:3)
  3 gnolls (D:3)
  4 adders
  2 worms (D:3)
  5 orcs
  3 bats
  16 endoplasms
  3 giant cockroaches
  3 hobgoblins
  6 jackals
  2 quokkas
  5 ball pythons
  A frilled lizard (D:1)
  10 kobolds
  11 rats
84 creatures vanquished.

Vanquished Creatures (collateral kills)
  Menkaure (D:4)
  A black bear (D:5)
  An ogre (D:5)
  A scorpion (D:5)
  A hound (D:5)
  2 iguanas (D:5)
  2 orc wizards (D:4)
  2 adders
  3 gnolls (D:5)
  A dart slug (D:5)
  An orc (D:4)
  A quokka (D:4)
17 creatures vanquished.

Vanquished Creatures (others)
  3 fungi (D:2)
  4 plants (D:5)
  7 toadstools (D:2)
14 creatures vanquished.

Grand Total: 115 creatures vanquished

Notes
Turn   | Place    | Note
-------+----------+-------------------------------------------
     0 | D:1      | xSliceyx the Djinni Ice Elementalist began the quest for
                  | the Orb.
     0 | D:1      | xSliceyx set off with the following spells memorised:
                  | Freeze, Frozen Ramparts, Ozocubu's Armour, Summon Ice
                  | Beast.
     0 | D:1      | Reached XP level 1. HP: 15/15 MP: 0/0
   368 | D:1      | Reached XP level 2. HP: 16/21 MP: 0/0
  1116 | D:2      | Reached XP level 3. HP: 23/25 MP: 0/0
  1116 | D:2      | Learned a level 1 spell: Apportation
  1324 | D:2      | Reached skill level 4 in Spellcasting
  1627 | D:2      | Found a faded altar of an unknown god.
  1789 | D:2      | Reached XP level 4. HP: 22/31 MP: 0/0
  1868 | D:2      | Reached XP level 5. HP: 6/35 MP: 0/0
  1868 | D:2      | Learned a level 2 spell: Lesser Beckoning
  2206 | D:3      | Reached skill level 5 in Spellcasting
  2382 | D:3      | Reached XP level 6. HP: 37/40 MP: 0/0
  2416 | D:3      | Found a transporter.
  2416 | D:3      | Found a transporter.
  2417 | D:3      | Noticed sirJeffrey23's ghost (amateur BaGl)
  2427 | D:3      | Identified the +3 great mace of Hugrehan {venom, Stlth+}
  2427 | D:3      | Noticed an ogre
  2826 | D:3      | Found a stormy altar of Qazlal.
  2884 | D:3      | Found a runed translucent door.
  2885 | D:3      | Noticed Crazy Yiuf
  3517 | D:4      | Noticed Menkaure
  3528 | D:4      | Killed Menkaure
  3529 | D:4      | Reached skill level 6 in Spellcasting
  3529 | D:4      | Reached XP level 7. HP: 21/45 MP: 0/0
  3529 | D:4      | Learned a level 3 spell: Call Canine Familiar
  4291 | D:5      | Entered Level 5 of the Dungeon
  4426 | D:5      | Noticed Pikel
  4572 | D:5      | Reached skill level 7 in Spellcasting
  4572 | D:5      | Reached XP level 8. HP: 50/50 MP: 0/0
  4600 | D:5      | Killed Pikel
  4601 | D:5      | Reached skill level 8 in Spellcasting
  4977 | D:5      | Reached skill level 1 in Fighting
  5005 | D:5      | Found a runed translucent door.
  5021 | D:5      | Reached XP level 9. HP: 53/61 MP: 0/0
  5021 | D:5      | Learned a level 3 spell: Spider Form
  5034 | D:5      | Quit the game

Illustrated notes

Levels and vault maps discovered:
D:1:      elethiomel_arrival_infinity_welcomes_careful_drivers, layout_basic,
          dk_noncrumbling_2, minmay_misc_feat_rows, minmay_misc_feat_iff
D:2:      cheibrodos_fertilizer, layout_loops_ring,
          shapermc_ecumenical_altar_mp_vishouse, minmay_randomly_rotated_circles
D:3:      layout_loops_cross, mainiacjoe_overflow_alcove_2,
          gammafunk_ghost_smash, uniq_crazy_yiuf_cottage
D:4:      layout_gridville, minivault_24, uniq_menkaure
D:5:      layout_rooms, chequers_big_river, lightli_church_of_beogh, uniq_pikel

Skill      XL: |  1  2  3  4  5  6  7  8 |
---------------+-------------------------+-----
Spellcasting   | 4 5 6 7 8 |  8.2
Fighting       | 3 |  3.2
Dodging        | |  2.2
Stealth        | |  1.6

Action                   |  1- 3 |  4- 6 |  7- 9 || total
-------------------------+-------+-------+-------++-------
Melee: Whip              |    19 |       |       ||    19
       Mace              |     4 |       |       ||     4
       Dagger            |     1 |    22 |       ||    23
       Punch             |       |     1 |       ||     1
       Spear             |       |     2 |    27 ||    29
Throw: Javelin           |       |     2 |     1 ||     3
       Throwing net      |       |     1 |       ||     1
 Cast: Freeze            |    33 |    30 |    11 ||    74
       Frozen Ramparts   |     3 |     9 |     3 ||    15
       Ozocubu's Armour  |       |     5 |     2 ||     7
       Summon Ice Beast  |       |     1 |    11 ||    12
       Call Canine Famil |       |       |     8 ||     8
       Lesser Beckoning  |       |       |     1 ||     1
  Use: Scroll            |       |     6 |     4 ||    10
 Stab: Sleeping          |       |     1 |       ||     1
       Distracted        |       |       |     2 ||     2
Armor: Robe              |    13 |     4 |     8 ||    25
Dodge: Dodged            |    39 |    23 |    19 ||    81
Block: Other             |     5 |     6 |     5 ||    16

Table legend: (Time is in decaauts)
 A = Elapsed time spent in this place.
 B = Non-inter-level travel time spent in this place.
 C = Inter-level travel time spent in this place.
 D = Time resting spent in this place.
 E = Time spent auto-exploring this place.
 F = Levels seen in this place.
 G = Mean time per level.
                   A        B        C        D        E       F      G
               +--------+--------+--------+--------+--------+-----+--------+
         Total |   5037 |   4320 |    717 |    700 |   2880 |   5 | 1007.4 |
       Dungeon |   5037 |   4320 |    717 |    700 |   2880 |   5 | 1007.4 |
               +--------+--------+--------+--------+--------+-----+--------+

Top non-repeatable levels by time:
     D:2: 1196 daAuts
     D:3: 1157 daAuts
     D:4: 1153 daAuts
     D:1: 999 daAuts
     D:5: 529 daAuts
